 Dungeon Crawl Stone Soup version 0.31-a0-180-g519b7de00c (webtiles) character file.

Game seed: 7212652619692226396

107 qw the Chopper (level 4, -17/28 HPs)
             Began as a Gargoyle Fighter on June 19, 2023.
             Demolished by an ogre
             ... wielding a +0 giant club
              (27 damage)
             ... on level 3 of the Dungeon.
             The game lasted 00:01:05 (1630 turns).

qw the Chopper (Gargoyle Fighter)                   Turns: 1630, Time: 00:01:05

Health: -17/28     AC: 12    Str: 22    XL:     4   Next: 86%
Magic:  4/4        EV: 10    Int:  8    God:
Gold:   58         SH:  5    Dex: 15    Spells: 3/3 levels left

rFire   . . .        g - +0 war axe (vamp)
rCold   . . .        c - +0 buckler
rNeg    + . .        b - +0 scale mail
rPois   inf          h - +0 helmet
rElec   +            (no cloak)
rCorr   .            i - +0 pair of gloves
SInv    .            (no boots)
Will    .....        (no amulet) Stlth
                     o - +6 ring of dexterity
HPRegen 0.24/turn    (no ring)
MPRegen 0.09/turn

%: no passive effects
@: no status effects
A: sickness immunity, AC +3, negative energy resistance 1, electricity
resistance, torment resistance 1, petrification resistance
a: no special abilities


You were on level 3 of the Dungeon.
You visited 1 branch of the dungeon, and saw 3 of its levels.

You collected 75 gold pieces.
You spent 17 gold pieces at shops.


Innate Abilities, Weirdness & Mutations

You are immune to sickness and miasma.
Your stone body is resilient. (AC +3)
You are immune to poison.
You resist negative energy. (rN+)
You are resistant to electric shocks. (rElec)
You are resistant to unholy torment.
You are immune to petrification.


   Skills:
 - Level 3.2 Fighting
 + Level 4.2 Axes
 - Level 3.2 Armour
 - Level 1.0 Dodging
 - Level 3.2 Shields


You had 3 spell levels left.
You didn't know any spells.
Your spell library was empty.

Inventory:

Hand Weapons
 f - a +0 mace
 g - a +0 vampiric war axe (weapon)
 q - a +0 war axe
Armour
 b - a +0 scale mail (worn)
 c - a +0 buckler (worn)
 h - a +0 helmet (worn)
 i - a +0 pair of gloves (worn)
Jewellery
 o - a +6 ring of dexterity (left hand)
Scrolls
 p - a scroll of identify
Potions
 a - a potion of heal wounds {unknown}
 d - a potion of might
 j - a potion of attraction
 l - a potion of degeneration {unknown}
 n - a potion of curing {unknown}

Dungeon Overview and Level Annotations

Branches:
Dungeon (3/15)

Altars:
Zin

Shops:
D:1 *


Message History

You kill the jelly!
Your Axes skill increases to level 4!
You start resting.
HP restored.
You now have 58 gold pieces (gained 13).
An ogre comes into view. It is wielding a +0 giant club.
Found 5 stones.
Found a stone staircase leading up.
The ogre shouts!
You hear a shout!
Enter note:
Enter note:
Enter note:
Found 9 gold pieces.
A quokka comes into view.
Enter note:
Enter note:
Enter note: You slash the ogre!
The ogre is moderately wounded.
The ogre hits you with a +0 giant club!
You barely miss the ogre.
The ogre is moderately wounded.
An orc comes into view. It is wielding a +0 whip.
The ogre barely misses you.
You barely miss the ogre.
The ogre is moderately wounded.
The ogre hits you with a +0 giant club!
You barely miss the ogre.
The ogre is moderately wounded.
You hit the quokka. You block the quokka's attack. The ogre barely misses you.
You hit the quokka.
You kill the quokka!
You closely miss the ogre.
A bat comes into view.
You block the ogre's attack.
The bat moves out of view.
You slash the ogre!
The ogre is almost dead.
The ogre hits you with a +0 giant club!!
Ouch! That really hurt!
You die...

#.##. ...........#
#.###.##: ...........#
#........
...........#########.###
............. ...##.#
.$..(......#### #.##.#
.........<..... #....#
......Oo....... #.[..#
....# #@# ######....#
#...#.####....)....#
#........###.#####
####...####...)....#
#..........>.......#
#.#########........# ..
#........# .. .........#
. ..........#


You could see an ogre and an orc.

Vanquished Creatures
  A jelly (D:3)
  2 adders
  3 dart slugs
  5 endoplasms
  A giant cockroach (D:1)
  3 goblins
  9 hobgoblins
  4 jackals (D:2)
  2 quokkas
  8 ball pythons
  5 bats
  A frilled lizard (D:1)
  6 kobolds
  3 rats
53 creatures vanquished.

Notes
Turn   | Place    | Note
-------+----------+-------------------------------------------
     0 | D:1      | qw the Gargoyle Fighter began the quest for the Orb.
     0 | D:1      | Reached XP level 1. HP: 14/14 MP: 1/1
     0 | D:1      | 0 ||| qw: Version: 0.3-a-7-ge0c9b40
     0 | D:1      | 0 ||| qw: Game counter: 909
     0 | D:1      | 0 ||| qw: Always use a shield: true
     0 | D:1      | 0 ||| qw: God list: Okawaru
     0 | D:1      | 0 ||| qw: Allow faded altars: false
     0 | D:1      | 0 ||| qw: Do Orc after D:15 true
     0 | D:1      | 0 ||| qw: Do second Lair branch before Depths: true
     0 | D:1      | 0 ||| qw: Lair rune preference: random
     0 | D:1      | 0 ||| qw: Plans: Normal, Zot:1-4, Slime:5, God:TSO, Crypt,
                  | Tomb, Abyss, Pan, Hells, Win
     0 | D:1      | 0 ||| PLANNING D:1-11
    24 | D:1      | 24 ||| Stepping ~*~*~tactically~*~*~ (stealth).
    44 | D:1      | Reached skill level 2 in Axes
   118 | D:1      | Reached XP level 2. HP: 16/19 MP: 2/2
   149 | D:1      | 149 ||| Stepping ~*~*~tactically~*~*~ (stealth).
   320 | D:1      | Reached skill level 3 in Axes
   400 | D:1      | 400 ||| Stepping ~*~*~tactically~*~*~ (stealth).
   401 | D:1      | 401 ||| Stepping ~*~*~tactically~*~*~ (stealth).
   416 | D:1      | Reached XP level 3. HP: 20/23 MP: 3/3
   590 | D:1      | Found Laseig's Assorted Antiques.
   598 | D:1      | 598 ||| BUYING scroll labelled ARAEGU ZYITIPP (17 gold).
   598 | D:1      | Bought a scroll labelled ARAEGU ZYITIPP for 17 gold pieces
   643 | D:1      | 643 ||| UPGRADING to +0 pair of gloves.
   648 | D:1      | 648 ||| UPGRADING to +6 ring of dexterity.
   649 | D:1      | 649 ||| READING scroll labelled LYENOSHR CIAQ.
   650 | D:1      | 650 ||| READING scroll labelled ETYQO LIHURRIGUL.
   651 | D:1      | 651 ||| READING scroll labelled ADEUNE LAASUTAZXA.
   652 | D:1      | 652 ||| READING scroll labelled RIMOJY DUSAHOX.
   653 | D:1      | 653 ||| READING scroll labelled NEPNIRI VUMM.
   654 | D:1      | 654 ||| READING scroll labelled ARAEGU ZYITIPP.
   655 | D:1      | 655 ||| READING scroll labelled SONYUC ASCHACW.
   656 | D:1      | 656 ||| DRINKING 2 fuming grey potions.
   730 | D:2      | 730 ||| Stepping ~*~*~tactically~*~*~ (stealth).
   743 | D:2      | 743 ||| Stepping ~*~*~tactically~*~*~ (hiding).
   764 | D:2      | 764 ||| Stepping ~*~*~tactically~*~*~ (stealth).
   766 | D:2      | 766 ||| Stepping ~*~*~tactically~*~*~ (hiding).
   789 | D:2      | 789 ||| Stepping ~*~*~tactically~*~*~ (stealth).
   791 | D:2      | 791 ||| Stepping ~*~*~tactically~*~*~ (hiding).
   803 | D:2      | Reached skill level 1 in Dodging
   838 | D:2      | Reached XP level 4. HP: 28/28 MP: 4/4
  1247 | D:2      | Found a glowing silver altar of Zin.
  1360 | D:2      | 1360 ||| DROPPING scarf of invisibility.
  1361 | D:2      | 1361 ||| UPGRADING to +0 helmet.
  1366 | D:2      | 1366 ||| READING scroll labelled MANYUWO QAKKOS.
  1367 | D:2      | 1367 ||| READING scroll labelled EJALLUOCIY.
  1371 | D:2      | 1371 ||| READING scroll labelled ZAULOEGGIDD.
  1612 | D:3      | Reached skill level 4 in Axes
  1622 | D:3      | Noticed an ogre
  1630 | D:3      | Demolished by an ogre

Levels and vault maps discovered:
D:1:      onia_arrival_mini_spirals, layout_basic, serial_shops, shop,
          serial_aquarium, aquarium_bridge_straight [aquarium_subvault_bridge,
          aquarium_subvault_wall, aquarium_subvault_bridge,
          aquarium_subvault_wall], aquarium_window_corner, aquarium_window_fake,
          aquarium_window_fake, aquarium_window_fake, aquarium_view_2e,
          aquarium_view_2e, minmay_misc_feat_more_columns, minmay_hexomino_c4
D:2:      layout_loops_cross, basic_altar, kennysheep_boxes
D:3:      layout_basic, serial_shops, nicolae_shop_back_alley_shop,
          minmay_misc_feat_rows

Skill      XL: |  1  2  3  4 |
---------------+-------------+-----
Axes           | 2 3 4 |  4.2
Dodging        | 1 |  1.0
Fighting       | |  3.2
Armour         | |  3.2
Shields        | |  3.2

Action                     |  1- 3 |  4- 6 || total
---------------------------+-------+-------++-------
  Melee: War axe           |   135 |    42 ||   177
    Use: Scroll            |     7 |     3 ||    10
         Potion            |     1 |       ||     1
 Armour: Scale mail        |    77 |    14 ||    91
  Dodge: Dodged            |    71 |    19 ||    90
  Block: Buckler           |    30 |     6 ||    36

Table legend:
 A = Non-vault XP
 B = Vault XP
 C = Vault XP percentage of total XP
 D = Non-vault monster count
 E = Vault monster count
 F = Vault count percentage of total count
                 A         B        C        D         E       F
            +---------+---------+-------+---------+---------+-------
      Total |     146 |       8 |   5.2 |      48 |       5 |   9.4
            +---------+---------+-------+---------+---------+-------
        D:1 |      39 |       8 |  17.0 |      23 |       5 |  17.9
        D:2 |      45 |       0 |   0.0 |      17 |       0 |   0.0
        D:3 |      62 |       0 |   0.0 |       8 |       0 |   0.0
            +---------+---------+-------+---------+---------+-------
